 Dungeon Crawl Stone Soup version 0.16-a0-922-gae79c9c (webtiles) character file.

228 Kashira the Charmwright (level 6, 0/47 HPs)
             Began as a Formicid Skald on Sept 30, 2014.
             Killed by divine providence
             ... invoked by an orc priest
              (8 damage)
             ... on Level 4 of the Dungeon.
             The game lasted 00:10:34 (3702 turns).

Kashira the Charmwright (Formicid Skald)            Turns: 3702, Time: 00:10:34

HP   0/47        AC  5     Str 16      XL: 6   Next: 23%
MP  15/15        EV 11     Int 13      God:
Gold 19          SH  3     Dex 11      Spells:  3 memorised,  6 levels left

rFire  . . .     SeeInvis +     a - +0 mace
rCold  . . .     Clarity  .     (no armour)
rNeg   . . .     rCorr    .     b - +0 buckler
rPois  .         rRot     .     (helmet unavailable)
rElec  .         Spirit   .     (no cloak)
SustAb .         Warding  .     (no gloves)
rMut   .         Stasis   +     (no boots)
Gourm  .                        (no amulet)
MR     .....                    (no ring)
                                u - +5 ring of protection

@: very slightly contaminated, not resistant to hostile enchantments, very
unstealthy
A: permanent stasis, dig shafts and tunnels, four strong arms, antennae 3
a: Dig, Shaft Self


You were on level 4 of the Dungeon.
You were hungry.

You visited 1 branch of the dungeon, and saw 4 of its levels.

You collected 144 gold pieces.
You spent 125 gold pieces at shops.

Inventory:

Hand weapons
 a - a +0 mace (weapon)
Armour
 b - a +0 buckler (worn)
 w - a +0 scale mail
Magical devices
 f - a wand of teleportation (3)
 p - a wand of invisibility (2)
Comestibles
 d - a bread ration
 k - a beef jerky
 r - 2 meat rations
 s - 3 fruits
Scrolls
 h - a scroll of blinking {unknown}
 i - 3 scrolls of remove curse
 l - 3 scrolls of magic mapping {unknown}
 m - a scroll of fog
 o - 2 scrolls of identify
 t - a scroll of noise {unknown}
 v - a scroll of enchant weapon {unknown}
 y - a scroll of teleportation {unknown}
 E - a scroll of recharging {unknown}
Jewellery
 u - a +5 ring of protection (left hand)
Potions
 e - 2 potions of magic {unknown}
 g - a potion of cancellation {unknown}
 j - 2 potions of lignification {unknown}
 n - a potion of restore abilities {unknown}
 q - 3 potions of heal wounds
 x - a potion of mutation {unknown}
 z - a potion of confusion {unknown}
 A - a potion of might
 B - a potion of brilliance
 C - a potion of poison {unknown}
 D - a potion of invisibility {unknown}
Books
 c - a book of Battle

   Spells                             Type                      Level
   *Infusion                          Charms                       1
   *Shroud of Golubria                Charms/Translocation         2
   *Song of Slaying                   Charms                       2
   Spectral Weapon                    Hexes/Charms                 3
   Regeneration                       Charms/Necromancy            3


   Skills:
 + Level 3.1 Fighting
 + Level 2.8 Maces & Flails
 + Level 1.9 Armour
 + Level 2.3 Dodging
 + Level 0.3 Stealth
 + Level 0.2 Shields
 + Level 3.2 Spellcasting
 + Level 3.9 Charms
 + Level 0.6 Translocations


You had 6 spell levels left.
You knew the following spells:

 Your Spells              Type           Power        Failure   Level  Hunger
a - Infusion              Chrm           ##....       6%          1    #......
b - Shroud of Golubria    Chrm/Tloc      #.........   14%         2    ##.....
c - Song of Slaying       Chrm           ##......     10%         2    ##.....


Dungeon Overview and Level Annotations

Branches:
Dungeon (4/15)
 Temple: D:4-7

Altars:
Ashenzari
Dithmenos
Gozag
Trog
The Shining One

Shops:
D:4 !?

Annotations:
D:4 TAS2012's ghost, average GrMo


Innate Abilities, Weirdness & Mutations

Your are under a permanent stasis effect.
You can dig through walls and to a lower floor.
Your four strong arms can wield two-handed weapons with a shield.
You have a pair of large antennae on your head (SInv).


Message History

You closely miss the orc priest.
The orc priest is lightly wounded.
The orc wizard points at the orc priest and mumbles some strange words.
The puff of flame hits the orc.
The orc priest hits you with a flail.
* * * LOW HITPOINT WARNING * * *
The orc priest glows brightly for a moment.
The orc priest mumbles some strange prayers to Beogh against something.
The orc priest calls down the wrath of Beogh upon something.
An orc comes into view.
You flicker for a moment.
You flicker back into view.
Your magical infusion is running out.
The orc wizard gestures at you while chanting.
The magic dart hits you!
* * * LOW HITPOINT WARNING * * *
You are no longer magically infusing your attacks.
The orc shouts!
The orc priest invokes the aid of Beogh against you.
Something smites you!
You die...

#.# #..###..# #.###.#.#.
#.###...##.∩######....[....
#.##.#.......{..o..###.#.#.
#......##..o#####{.#
#.##<#.#.#..#.$....####
#.###...##..#.###..{..#
#.####%###..#.# #o....#
#...##.###..#.# #.#...#
#..........o@.# #.##.##
###.##.###.######.##o#
#.##...............#
#<######.####......# #..#
#∩# #.# ###.#.### #..# #.#
#.# #.....# #..# #.# #.
###)#.# #..# #.# . #)#.#
#..# #.# #.#.# #..#


You could see an orc priest and an orc.

Vanquished Creatures
  An orc wizard (D:4)
  Natasha (D:4)
  Jessica (D:2)
  Terence (D:3)
  7 adders
  A worm (D:2)
  3 giant geckos
  An ooze (D:1)
  5 orcs
  6 hobgoblins
  8 jackals
  7 kobolds
  A quokka (D:3)
  A ball python (D:2)
  13 bats
  3 giant cockroaches
  6 giant newts
  4 goblins
  5 rats
75 creatures vanquished.

Notes
Turn   | Place    | Note
--------------------------------------------------------------
     0 | D:1      | Kashira, the Formicid Skald, began the quest for the Orb.
     0 | D:1      | Reached XP level 1. HP: 16/16 MP: 3/3
   146 | D:1      | Reached XP level 2. HP: 17/22 MP: 0/5
   474 | D:1      | Learned a level 2 spell: Shroud of Golubria
   584 | D:1      | Reached skill level 1 in Dodging
   769 | D:1      | Reached XP level 3. HP: 28/28 MP: 7/7
   842 | D:1      | Learned a level 2 spell: Song of Slaying
  1512 | D:2      | Reached XP level 4. HP: 29/34 MP: 2/9
  1826 | D:2      | Noticed Jessica
  1830 | D:2      | Killed Jessica
  2166 | D:2      | Found a glowing golden altar of the Shining One.
  2391 | D:2      | Reached XP level 5. HP: 33/39 MP: 6/12
  2853 | D:3      | Noticed Terence
  2865 | D:3      | Killed Terence
  3077 | D:3      | Found a bloodstained altar of Trog.
  3080 | D:3      | Found a shadowy altar of Dithmenos.
  3083 | D:3      | Found an opulent altar of Gozag.
  3109 | D:3      | Found a shattered altar of Ashenzari.
  3259 | D:4      | Found Uguuxenu's Magic Scroll Shoppe.
  3274 | D:4      | Noticed TAS2012's ghost (average GrMo)
  3276 | D:4      | Noticed Natasha
  3414 | D:4      | Found Sieteh's Distillery.
  3416 | D:4      | Bought a potion of might for 32 gold pieces
  3416 | D:4      | Bought a potion of heal wounds for 39 gold pieces
  3416 | D:4      | Bought a potion of brilliance for 32 gold pieces
  3445 | D:4      | Killed Natasha
  3445 | D:4      | Reached XP level 6. HP: 34/46 MP: 12/15
  3545 | D:4      | Bought a scroll of identify for 22 gold pieces
  3702 | D:4      | Killed from afar by an orc priest

Action                   |  1- 3 |  4- 6 || total
-------------------------+-------+-------++-------
Melee: Mace              |    86 |   158 ||   244
 Cast: Infusion          |    14 |    23 ||    37
       Shroud of Golubri |     3 |     9 ||    12
Evoke: Wand              |       |     2 ||     2
  Use: Scroll            |       |     3 ||     3
  Eat: Chunk             |     2 |     8 ||    10
